 Dungeon Crawl Stone Soup version 0.30.0-3-ga4e48a9924 (webtiles) character file.

Game seed: 700432500737306294

3 RascalDebosk the Magician (level 1, -1/18 HPs)
             Began as a Djinni Warper on May 7, 2023.
             Slain by a goblin
             ... wielding a +0 dagger
              (3 damage)
             ... on level 1 of the Dungeon.
             The game lasted 00:00:55 (38 turns).

RascalDebosk the Magician (Djinni Warper)             Turns: 38, Time: 00:00:55

Health: -1/18      AC:  3    Str: 10    XL:     1   Next: 55%
Gold:   12         EV: 11    Int: 14    God:
                   SH:  0    Dex: 12

rFire   + + .        a - +0 falchion
rCold   x . .        (no shield)
rNeg    . . .        b - +0 leather armour
rPois   ∞            (no helmet)
rElec   .            (no cloak)
rCorr   .            (no gloves)
SInv    .            (boots unavailable)
Will    .....        (no amulet)
Stlth   +            (no ring)
HPRegen 0.23/turn    (no ring)
MPRegen 0.00/turn

%: infuse magic (-2 HP)
@: flying
A: sickness immunity, fire resistance 2, cold vulnerability 1, float, innate
caster, HP casting, extra vitality 1
a: no special abilities


You were on level 1 of the Dungeon.
You visited 1 branch of the dungeon, and saw 1 of its levels.

You collected 12 gold pieces.

Inventory:

Hand Weapons
 a - a +0 falchion (weapon)
Missiles
 d - 7 boomerangs of dispersal (quivered)
Armour
 b - a +0 leather armour (worn)
Scrolls
 g - a scroll of blinking


   Skills:
 * Level 2.1 Fighting
 + Level 1.8 Long Blades
 - Level 0.7 Throwing
 - Level 1.0 Armour
 - Level 2.1 Dodging
 * Level 2.4 Spellcasting


You knew the following spells:

 Your Spells              Type           Power      Damage    Failure   Level
a - Blink                 Tloc           16%        N/A       17%         2
b - Lesser Beckoning      Tloc           16%        N/A       17%         2
c - Vhi's Electric Charg  Tloc/Air       16%        N/A       32%         3
d - Teleport Other        Tloc           8%         N/A       32%         3
e - Manifold Assault      Tloc           8%         N/A       73%         4
Your spell library was empty.

Dungeon Overview and Level Annotations

Branches:
Dungeon (1/15)

Altars:


Innate Abilities, Weirdness & Mutations

You are immune to sickness and miasma.
You are immune to poison.
Your flesh is very heat resistant. (rF++)
You are vulnerable to cold. (rC-)
You float through the air rather than walking.
You learn spells naturally, not from books.
Your magical power is your life essence.
You have superior vitality. (+4 MHP)


Message History

Lua error: /dgldir/rcfiles/crawl-0.30/RascalDebosk.rc:334: '' expected near 'end' Welcome, RascalDebosk the Djinni Warper.
Will you be the one to retrieve the majestic Orb of Zot from the depths?
Press ? for a list of commands and other information.
Found two stairs.
You begin with the following spells memorised: Blink, Lesser Beckoning, Vhi's Electric Charge, Teleport Other, Manifold Assault.
A quokka comes into view.
The quokka bites you. The quokka barely misses you.
You see here 12 gold pieces.
You slash the quokka!
You kill the quokka!
You now have 12 gold pieces.
HP restored.
A frilled lizard comes into view.
Found a Trismegistus Codex.
The frilled lizard hisses angrily.
A hobgoblin comes into view.
A goblin comes into view. It is wielding a +0 dagger.
A hobgoblin comes into view.
The goblin shouts!
The hobgoblin shouts!
The hobgoblin shouts!
The frilled lizard closely misses you.
You miss the frilled lizard. The frilled lizard barely misses you.
You hit the frilled lizard.
The frilled lizard is heavily wounded.
The frilled lizard closely misses you.
You slash the frilled lizard!
You kill the frilled lizard!
The hobgoblin attacks as you move away! The hobgoblin hits you.
The goblin hits you with a +0 dagger.
You barely miss the hobgoblin. The hobgoblin barely misses you.
The goblin hits you with a +0 dagger. The goblin barely misses you.
The hobgoblin barely misses you.
You hit the hobgoblin.
The hobgoblin is heavily wounded.
The goblin hits you with a +0 dagger. The hobgoblin hits you.
You hit the hobgoblin.
The hobgoblin is severely wounded.
The hobgoblin hits you but does no damage.
The goblin hits you but does no damage.
You barely miss the hobgoblin.
The hobgoblin is heavily wounded.
The goblin hits you but does no damage. The hobgoblin barely misses you.
You hit the hobgoblin.
You kill the hobgoblin!
The goblin closely misses you.
You barely miss the hobgoblin. The hobgoblin hits you.
* * * LOW HITPOINT WARNING * * *
The goblin hits you with a +0 dagger.
* * * LOW HITPOINT WARNING * * *
The goblin hits you but does no damage. The hobgoblin barely misses you.
You barely miss the goblin. The hobgoblin hits you.
* * * LOW HITPOINT WARNING * * *
The goblin barely misses you.
You miss the goblin. The hobgoblin hits you.
* * * LOW HITPOINT WARNING * * *
The goblin hits you with a +0 dagger.
* * * LOW HITPOINT WARNING * * *
You hit the goblin but do no damage. The hobgoblin barely misses you.
The goblin hits you with a +0 dagger.
You die...

...#..... .......
###...... ####
##.......##########<>###
.........#..............
#.......#.##..##......#
##.:.†##..............
#...gg##.######......#
##.#.#@##..............
#......##.#############
..................
.#.....#.####.####
.........# # ##......##
....#... ..#...## #.##.#


You could see a hobgoblin and a goblin.

Vanquished Creatures
  A hobgoblin (D:1)
  A quokka (D:1)
  A frilled lizard (D:1)
3 creatures vanquished.

Notes
Turn   | Place    | Note
-------+----------+-------------------------------------------
     0 | D:1      | RascalDebosk the Djinni Warper began the quest for the Orb.
     0 | D:1      | RascalDebosk set off with the following spells memorised:
                  | Blink, Lesser Beckoning, Vhi's Electric Charge, Teleport
                  | Other, Manifold Assault.
     0 | D:1      | Reached XP level 1. HP: 18/18 MP: 0/0
    38 | D:1      | Slain by a goblin

Illustrated notes

Levels and vault maps discovered:
D:1:      dpeg_arrival_line_fractal, layout_loops_ring

Action                     || total
---------------------------++-------
  Melee: Falchion          ||    13
 Armour: Leather armour    ||     4
  Dodge: Dodged            ||    12
